Construct Section Command Post
Selects Canadian Shock Battlegroup
Selects Incendiary Munitions
Construct Platoon Command Post
6-pounder Anti-tank Gun Team
Selects Offensive Resupply
6-pounder Anti-tank Gun Team
Unlock Bishop Self-propelled Artillery
Selects Canadian Shock Section
Bishop Self-propelled Artillery
Selects Demolition Engineering
Bishop Self-propelled Artillery
6-pounder Anti-tank Gun Team
Bishop Self-propelled Artillery